| TOP OF THE 1ST |
|
Amarillo ThunderHeads batting - Pitching for Tijuana Toros : LHP Mark Mullin
|
|
Pitching: LHP Mark Mullin
|
|
|
Batting: LHB Carlos Guajardo
|
0-0: Called Strike 0-1: Called Strike 0-2: Ball 1-2: Ball 2-2: Ball 3-2: SINGLE (Line Drive, 5D, EV 101.2 MPH)
|
|
Batting: LHB Mike Gruszewski
|
0-0: Called Strike 0-1: Called Strike 0-2: SINGLE (Groundball, 34D, EV 106.2 MPH) Carlos Guajardo to second Runner from 2nd tries for 3rd, SAFE, no throw by RF
|
|
Batting: RHB Eric Camillo
|
0-0: 3-RUN HOME RUN (Flyball, 7LD, EV 93.1 MPH), Distance : 357 ft
|
|
Batting: RHB Shi-fu Cuan
|
0-0: Called Strike 0-1: Swinging Strike 0-2: Strikes out swinging
|
|
Batting: LHB Thie Hofmann
|
0-0: Called Strike 0-1: Ball 1-1: Called Strike 1-2: Ball 2-2: Ball 3-2: Strikes out swinging
|
|
Batting: RHB Jorge Balderama
|
0-0: Ball 1-0: Ground out 5-3 (Groundball, 56, EV 105.0 MPH)
|
| Top of the 1st over - 3 runs, 3 hits, 0 errors, 0 left on base; Amarillo 3 - Tijuana 0 |
| BOTTOM OF THE 1ST |
|
Tijuana Toros batting - Pitching for Amarillo ThunderHeads : RHP Chris Marrone
|
|
Pitching: RHP Chris Marrone
|
|
|
Batting: RHB Alex Diaz
|
0-0: Ground out 4-3 (Groundball, 4, EV 84.4 MPH)
|
|
Batting: RHB Jerry Afghani
|
0-0: Ground out 4-3 (Groundball, 4M, EV 108.8 MPH)
|
|
Batting: RHB Mario Diaz
|
0-0: Ball 1-0: Ball 2-0: Foul Ball, location: 2F 2-1: Fly out, F8 (Flyball, 8LM, EV 86.9 MPH)
|
| Bottom of the 1st over - 0 runs, 0 hits, 0 errors, 0 left on base; Amarillo 3 - Tijuana 0 |
| TOP OF THE 2ND |
|
Amarillo ThunderHeads batting - Pitching for Tijuana Toros : LHP Mark Mullin
|
|
Batting: LHB Bill Mahoney
|
0-0: Foul Ball, location: 2F 0-1: Ball 1-1: SINGLE (Line Drive, 89S, EV 93.8 MPH)
|
|
Batting: RHB Eddie Vanderjagt
|
0-0: Foul Ball, location: 2F 0-1: Called Strike 0-2: Strikes out swinging
|
|
Batting: RHB Dennis Underwood
|
0-0: Grounds into double play, 6-4-3 (Groundball, 6, EV 92.5 MPH)
|
| Top of the 2nd over - 0 runs, 1 hit, 0 errors, 0 left on base; Amarillo 3 - Tijuana 0 |
| BOTTOM OF THE 2ND |
|
Tijuana Toros batting - Pitching for Amarillo ThunderHeads : RHP Chris Marrone
|
|
Batting: RHB Tan-ming Kwan
|
0-0: Foul Ball, location: 2F 0-1: SOLO HOME RUN (Flyball, 7D, EV 105.0 MPH), Distance : 391 ft
|
|
Batting: RHB Jaylen North
|
0-0: Called Strike 0-1: Ball 1-1: Called Strike 1-2: Ball 2-2: SOLO HOME RUN (Flyball, 8RXD, EV 111.2 MPH), Distance : 444 ft
|
|
Batting: RHB Jesus Herrera
|
0-0: Foul Ball, location: 2F 0-1: Fly out, F5 (Line Drive, 56, EV 61.9 MPH)
|
|
Batting: SHB Luis Diaz
|
0-0: Called Strike 0-1: Foul Ball, location: 2F 0-2: Strikes out swinging
|
|
Batting: RHB Clay Holgate
|
0-0: Ball 1-0: Ball 2-0: Ball 3-0: Base on Balls
|
|
Batting: LHB Gerardo Arriaga
|
0-0: Called Strike 0-1: Ground out U3 (Groundball, 3, EV 103.1 MPH)
|
| Bottom of the 2nd over - 2 runs, 2 hits, 0 errors, 1 left on base; Amarillo 3 - Tijuana 2 |
| TOP OF THE 3RD |
|
Amarillo ThunderHeads batting - Pitching for Tijuana Toros : LHP Mark Mullin
|
|
Batting: LHB Carlos Guajardo
|
0-0: Ball 1-0: Ground out 6-3 (Groundball, 6, EV 91.2 MPH)
|
|
Batting: LHB Mike Gruszewski
|
0-0: Ball 1-0: Ball 2-0: SINGLE (Groundball, 4MD, EV 106.9 MPH)
|
|
Batting: RHB Eric Camillo
|
0-0: Ball Mike Gruszewski steals 2nd base 1-0: Foul Ball, location: 2F 1-1: Ball 2-1: Ball 3-1: Swinging Strike 3-2: Foul Ball, location: 2F 3-2: Ground out 6-3 (Groundball, 6M, EV 86.2 MPH) Mike Gruszewski to third
|
|
Batting: RHB Shi-fu Cuan
|
0-0: Ground out 5-3 (Groundball, 5, EV 104.4 MPH)
|
| Top of the 3rd over - 0 runs, 1 hit, 0 errors, 1 left on base; Amarillo 3 - Tijuana 2 |
| BOTTOM OF THE 3RD |
|
Tijuana Toros batting - Pitching for Amarillo ThunderHeads : RHP Chris Marrone
|
|
Batting: RHB Alex Diaz
|
0-0: Ball 1-0: Fly out, F8 (Flyball, 8LM, EV 86.9 MPH)
|
|
Batting: RHB Jerry Afghani
|
0-0: Called Strike 0-1: Foul Ball, location: 2F 0-2: Strikes out looking
|
|
Batting: RHB Mario Diaz
|
0-0: Ball 1-0: Ball 2-0: Ball 3-0: Foul Ball, location: 2F 3-1: Base on Balls
|
|
Batting: RHB Tan-ming Kwan
|
0-0: Called Strike 0-1: Ground out 5-3 (Groundball, 56S, EV 82.5 MPH)
|
| Bottom of the 3rd over - 0 runs, 0 hits, 0 errors, 1 left on base; Amarillo 3 - Tijuana 2 |
| TOP OF THE 4TH |
|
Amarillo ThunderHeads batting - Pitching for Tijuana Toros : LHP Mark Mullin
|
|
Batting: LHB Thie Hofmann
|
0-0: Foul Ball, location: 2F 0-1: Swinging Strike 0-2: Ball 1-2: Fly out, F8 (Flyball, 8RD, EV 91.2 MPH)
|
|
Batting: RHB Jorge Balderama
|
0-0: Ball 1-0: Ball 2-0: Ball 3-0: Called Strike 3-1: Fly out, F9 (Flyball, 9LM, EV 103.1 MPH)
|
|
Batting: LHB Bill Mahoney
|
0-0: Ball 1-0: Swinging Strike 1-1: Swinging Strike 1-2: Ball 2-2: Strikes out swinging
|
| Top of the 4th over - 0 runs, 0 hits, 0 errors, 0 left on base; Amarillo 3 - Tijuana 2 |
| BOTTOM OF THE 4TH |
|
Tijuana Toros batting - Pitching for Amarillo ThunderHeads : RHP Chris Marrone
|
|
Batting: RHB Jaylen North
|
0-0: Called Strike 0-1: Called Strike 0-2: Ball 1-2: Ball 2-2: Ball 3-2: Fly out, F8 (Line Drive, 8RD, EV 86.2 MPH)
|
|
Batting: RHB Jesus Herrera
|
0-0: Ball 1-0: Called Strike 1-1: Foul Ball, location: 2F 1-2: Fly out, F9 (Flyball, 89S, EV 88.8 MPH)
|
|
Batting: SHB Luis Diaz
|
0-0: Ball 1-0: Swinging Strike 1-1: Ball 2-1: Ball 3-1: Called Strike 3-2: Base on Balls
|
|
Batting: RHB Clay Holgate
|
0-0: Ball Wild Pitch! Luis Diaz to second 1-0: Swinging Strike 1-1: Foul Ball, location: 2F 1-2: Strikes out looking
|
| Bottom of the 4th over - 0 runs, 0 hits, 0 errors, 1 left on base; Amarillo 3 - Tijuana 2 |
| TOP OF THE 5TH |
|
Amarillo ThunderHeads batting - Pitching for Tijuana Toros : LHP Mark Mullin
|
|
Batting: RHB Eddie Vanderjagt
|
0-0: Foul Ball, location: 2F 0-1: SINGLE (Line Drive, 8RS, EV 98.1 MPH)
|
|
Batting: RHB Dennis Underwood
|
0-0: Ball Eddie Vanderjagt steals 2nd base 1-0: Fly out, F9 (Flyball, 9, EV 88.8 MPH) Runner from 2nd tags up, SAFE at 3rd with throw by RF
|
|
Batting: LHB Carlos Guajardo
|
0-0: Called Strike 0-1: Ball 1-1: Ball 2-1: Foul Ball, location: 2F 2-2: Ground out 4-3 (Groundball, 4M, EV 83.1 MPH) Eddie Vanderjagt scores
|
|
Batting: LHB Mike Gruszewski
|
0-0: Ground out U3 (Groundball, 3L, EV 84.4 MPH)
|
| Top of the 5th over - 1 run, 1 hit, 0 errors, 0 left on base; Amarillo 4 - Tijuana 2 |
| BOTTOM OF THE 5TH |
|
Tijuana Toros batting - Pitching for Amarillo ThunderHeads : RHP Chris Marrone
|
|
Batting: LHB Gerardo Arriaga
|
0-0: Ball 1-0: Ball 2-0: Called Strike 2-1: Ball 3-1: Ground out 4-3 (Groundball, 4, EV 81.2 MPH)
|
|
Batting: RHB Alex Diaz
|
0-0: Called Strike 0-1: Ball 1-1: Foul Ball, location: 2F 1-2: Ball 2-2: Foul Ball, location: 2F 2-2: Ball 3-2: Foul Ball, location: 2F 3-2: Strikes out swinging
|
|
Batting: RHB Jerry Afghani
|
0-0: Ball 1-0: Called Strike 1-1: Ball 2-1: SINGLE (Line Drive, 34D, EV 97.5 MPH)
|
|
Batting: RHB Mario Diaz
|
0-0: Ball 1-0: Called Strike Jerry Afghani is caught stealing 2nd base 2-4
|
| Bottom of the 5th over - 0 runs, 1 hit, 0 errors, 0 left on base; Amarillo 4 - Tijuana 2 |
| TOP OF THE 6TH |
|
Amarillo ThunderHeads batting - Pitching for Tijuana Toros : LHP Mark Mullin
|
|
Batting: RHB Eric Camillo
|
0-0: Foul Ball, location: 2F 0-1: Swinging Strike 0-2: Ball 1-2: Foul Ball, location: 2F 1-2: SOLO HOME RUN (Flyball, 7D, EV 101.9 MPH), Distance : 396 ft
|
|
Batting: RHB Shi-fu Cuan
|
0-0: Swinging Strike 0-1: Ball 1-1: Ground out 1-3 (Groundball, 13S, EV 60.0 MPH)
|
|
Batting: LHB Thie Hofmann
|
0-0: Ball 1-0: Ball 2-0: Foul Ball, location: 2F 2-1: Fly out, F7 (Flyball, 7S, EV 91.9 MPH)
|
|
Batting: RHB Jorge Balderama
|
0-0: Fly out, F7 (Flyball, 7D, EV 95.6 MPH)
|
| Top of the 6th over - 1 run, 1 hit, 0 errors, 0 left on base; Amarillo 5 - Tijuana 2 |
| BOTTOM OF THE 6TH |
|
Tijuana Toros batting - Pitching for Amarillo ThunderHeads : RHP Chris Marrone
|
|
Batting: RHB Mario Diaz
|
0-0: Foul Ball, location: 2F 0-1: Ball 1-1: Foul Ball, location: 2F 1-2: Ball 2-2: Ball 3-2: Ground out 4-3 (Groundball, 4, EV 84.4 MPH)
|
|
Pitching: RHP Trent Murdock
|
|
|
Batting: RHB Tan-ming Kwan
|
0-0: SINGLE (Groundball, 6MD, EV 95.6 MPH)
|
|
Batting: RHB Jaylen North
|
0-0: Called Strike 0-1: Called Strike 0-2: Foul Ball, location: 2F 0-2: Strikes out swinging
|
|
Batting: RHB Jesus Herrera
|
0-0: Ball Tan-ming Kwan is caught stealing 2nd base 2-4
|
| Bottom of the 6th over - 0 runs, 1 hit, 0 errors, 0 left on base; Amarillo 5 - Tijuana 2 |
| TOP OF THE 7TH |
|
Amarillo ThunderHeads batting - Pitching for Tijuana Toros : LHP Mark Mullin
|
|
Batting: LHB Bill Mahoney
|
0-0: Called Strike 0-1: Called Strike 0-2: Strikes out looking
|
|
Batting: RHB Eddie Vanderjagt
|
0-0: Ball 1-0: Ground out 4-3 (Groundball, 4, EV 88.1 MPH)
|
|
Batting: RHB Dennis Underwood
|
0-0: Called Strike 0-1: Ball 1-1: Ground out U3 (Groundball, 34, EV 77.5 MPH)
|
| Top of the 7th over - 0 runs, 0 hits, 0 errors, 0 left on base; Amarillo 5 - Tijuana 2 |
| BOTTOM OF THE 7TH |
|
Tijuana Toros batting - Pitching for Amarillo ThunderHeads : RHP Trent Murdock
|
|
Batting: RHB Jesus Herrera
|
0-0: Ball 1-0: Fly out, F9 (Flyball, 89S, EV 90.6 MPH)
|
|
Batting: SHB Luis Diaz
|
0-0: Ball 1-0: Ball 2-0: Called Strike 2-1: SINGLE (Groundball, 4MD, EV 103.8 MPH)
|
|
Pinch Hitting: RHB Guo Kwok
|
0-0: Ball 1-0: Called Strike 1-1: Swinging Strike 1-2: Ball 2-2: Foul Ball, location: 2F 2-2: SINGLE (Groundball, 56D, EV 111.9 MPH) Luis Diaz to second
|
|
Batting: LHB Gerardo Arriaga
|
0-0: Swinging Strike 0-1: Called Strike 0-2: Strikes out swinging
|
|
Batting: RHB Alex Diaz
|
0-0: Fly out, F8 (Flyball, 89D, EV 104.4 MPH)
|
| Bottom of the 7th over - 0 runs, 2 hits, 0 errors, 2 left on base; Amarillo 5 - Tijuana 2 |
| TOP OF THE 8TH |
|
Amarillo ThunderHeads batting - Pitching for Tijuana Toros : LHP Mark Mullin
|
|
Now at 1B: Guo Kwok
|
|
|
Batting: LHB Carlos Guajardo
|
0-0: Called Strike 0-1: Ball 1-1: Ball 2-1: Called Strike 2-2: Ball 3-2: SINGLE (Flyball, 6D, EV 86.9 MPH)
|
|
Batting: LHB Mike Gruszewski
|
0-0: Ball Carlos Guajardo steals 2nd base 1-0: Ball Wild Pitch! Carlos Guajardo to third 2-0: Swinging Strike 2-1: Ball 3-1: Fly out, F9 (Flyball, 9, EV 96.2 MPH) Runner from 3rd tags up, SCORES, throw by RF
|
|
Batting: RHB Eric Camillo
|
0-0: Foul Ball, location: 2F 0-1: Ball 1-1: Ball 2-1: Called Strike 2-2: Strikes out swinging
|
|
Batting: RHB Shi-fu Cuan
|
0-0: Ball 1-0: Ball 2-0: Foul Ball, location: 2F 2-1: DOUBLE (Groundball, 5L, EV 108.1 MPH)
|
|
Pitching: RHP Ben Madar
|
|
|
Batting: LHB Thie Hofmann
|
0-0: Called Strike 0-1: Called Strike 0-2: Ball 1-2: Ground out U3 (Groundball, 3, EV 83.8 MPH)
|
| Top of the 8th over - 1 run, 2 hits, 0 errors, 1 left on base; Amarillo 6 - Tijuana 2 |
| BOTTOM OF THE 8TH |
|
Tijuana Toros batting - Pitching for Amarillo ThunderHeads : RHP Trent Murdock
|
|
Batting: RHB Jerry Afghani
|
0-0: Ball 1-0: Swinging Strike 1-1: Swinging Strike 1-2: Ground out 6-3 (Groundball, 6, EV 104.4 MPH)
|
|
Batting: RHB Mario Diaz
|
0-0: Ball 1-0: Ball 2-0: Swinging Strike 2-1: Ball 3-1: Called Strike 3-2: Strikes out swinging
|
|
Batting: RHB Tan-ming Kwan
|
0-0: Fly out, F8 (Flyball, 8RS, EV 87.5 MPH)
|
| Bottom of the 8th over - 0 runs, 0 hits, 0 errors, 0 left on base; Amarillo 6 - Tijuana 2 |
| TOP OF THE 9TH |
|
Amarillo ThunderHeads batting - Pitching for Tijuana Toros : RHP Ben Madar
|
|
Batting: RHB Jorge Balderama
|
0-0: Fly out, F7 (Line Drive, 78M, EV 94.4 MPH)
|
|
Batting: LHB Bill Mahoney
|
0-0: Ball 1-0: Ball 2-0: Ground out 6-3 (Groundball, 6, EV 91.2 MPH)
|
|
Batting: RHB Eddie Vanderjagt
|
0-0: Ball 1-0: Ball 2-0: Called Strike 2-1: Foul Ball, location: 2F 2-2: Ground out 5-3 (Groundball, 56, EV 91.9 MPH)
|
| Top of the 9th over - 0 runs, 0 hits, 0 errors, 0 left on base; Amarillo 6 - Tijuana 2 |
| BOTTOM OF THE 9TH |
|
Tijuana Toros batting - Pitching for Amarillo ThunderHeads : RHP Trent Murdock
|
|
Batting: RHB Jaylen North
|
0-0: Foul Ball, location: 2F 0-1: Swinging Strike 0-2: Ball 1-2: Ball 2-2: Strikes out looking
|
|
Pinch Hitting: RHB Djoka Subasic
|
0-0: Called Strike 0-1: Ball 1-1: Ball 2-1: Ground out 5-3 (Groundball, 56, EV 85.0 MPH)
|
|
Batting: SHB Luis Diaz
|
0-0: Ball 1-0: Foul Ball, location: 2F 1-1: Foul Ball, location: 2F 1-2: Fly out, F9 (Flyball, 9LM, EV 86.2 MPH)
|
| Bottom of the 9th over - 0 runs, 0 hits, 0 errors, 0 left on base; Amarillo 6 - Tijuana 2 |
|